 Dungeon Crawl Stone Soup version 0.19-a0-1384-gbb462ca (webtiles) character file.

10495 dvd the Nimble (level 11, 0/107 HPs)
             Began as a Troll Fighter on Sept 3, 2016.
             Was a Believer of Uskayaw.
             Slain by a sixfirhy (10 damage)
             ... summoned by a kobold demonologist
             ... on level 11 of the Dungeon.
             The game lasted 00:31:31 (9152 turns).

dvd the Nimble (Troll Fighter)                      Turns: 9152, Time: 00:31:32

Health: 0/107      AC:  6    Str: 31 (32) XL:     11   Next: 36%
Magic:  0/11       EV: 13    Int:  4 (5)  God:    Uskayaw [**....]
Gold:   589        SH: 16    Dex: 12 (14) Spells: 1 memorised, 8 levels left

rFire  . . .     SeeInvis .       - Unarmed
rCold  . . .     Gourm    +     R - +1 robe {rN+}
rNeg   + . .     Faith    .     W - +5 shield of Makhleb's Delight {MR+}
rPois  .         Spirit   +     (helmet restricted)
rElec  .         Dismiss  .     (no cloak)
rCorr  .         Reflect  .     (gloves unavailable)
MR     +....     Harm     .     (boots unavailable)
Stlth  +++.......               J - amulet of guardian spirit
                                F - ring "Peryomin" {+Blink Str+6 Dex+3}
                                g - ring of stealth

@: about to teleport
A: unfitting armour, claws 3, fast metabolism 3, gourmand, mutation resistance
1, regeneration 1, shaggy fur 1, tough skin 2
a: Stomp, Line Pass, Renounce Religion, Evoke Blink


You were on level 11 of the Dungeon.
You worshipped Uskayaw.
Uskayaw was noncommittal.
You were completely stuffed.

You visited 2 branches of the dungeon, and saw 12 of its levels.
You also visited: Ossuary.

You collected 715 gold pieces.
You spent 126 gold pieces at shops.

Inventory:

Hand Weapons
 Y - the +8 trident of the Swamp {drain, rElec Int+4 Dex+2 SInv, unknown}
   (You found it on level 10 of the Dungeon)

   A truly terrible weapon, it drains the life of those it strikes.
   It affects your intelligence (+4).
   It affects your dexterity (+2).
   It insulates you from electricity.
   It lets you see invisible.
Missiles
 Q - 2 javelins
 X - 17 large rocks (quivered)
Armour
 a - a +0 robe
 R - a +1 robe of positive energy (worn)
 W - the +5 shield of Makhleb's Delight (worn) {MR+}
   (You acquired it on level 9 of the Dungeon)

   It affects your resistance to hostile enchantments.
Rods
 I - a +2 rod of clouds (15/15)
   (You found it on level 5 of the Dungeon)
Jewellery
 g - a ring of stealth (left claw)
 r - an uncursed ring of ice
 v - a +2 ring of intelligence
 C - an uncursed amulet of magic regeneration
 F - the ring "Peryomin" (right claw) {+Blink Str+6 Dex+3}
   (You found it on level 4 of the Dungeon)

   [ring of strength]

   It affects your strength (+6).
   It affects your dexterity (+3).
   It lets you blink.
 J - an amulet of guardian spirit (around neck)
 L - an uncursed ring of flight
Wands
 y - a wand of flame (23/48)
 O - a wand of flame (21/48)
 S - a wand of confusion (40/48)
Scrolls
 h - 3 scrolls of teleportation
 j - 5 scrolls of identify
 l - a scroll of enchant weapon
 o - 2 scrolls of magic mapping
 q - 5 scrolls of amnesia
 u - 2 scrolls of enchant armour
 H - a scroll of blinking
 V - a scroll of acquirement
Potions
 i - 3 potions of flight
 t - 4 potions of curing
 x - a potion of lignification
 z - 2 potions of berserk rage
 D - a potion of haste
Books
 E - a book of Summonings

   Spells                             Type                      Level
   a - Recall                         Summoning/Translocation      3
   b - Aura of Abjuration             Summoning                    5
   c - Summon Demon                   Summoning                    5
   d - Summon Forest                  Summoning/Translocation      5
   e - Summon Mana Viper              Hexes/Summoning              5
   f - Shadow Creatures               Summoning                    6
 M - a book of Minor Magic

   Spells                             Type                      Level
   a - Magic Dart                     Conjuration                  1
   b - Blink                          Translocation                2
   c - Call Imp                       Summoning                    2
   d - Repel Missiles                 Charms/Air                   2
   e - Slow                           Hexes                        2
   f - Conjure Flame                  Conjuration/Fire             3
   g - Mephitic Cloud                 Conjuration/Poison/Air       3
 T - a book of Burglary

   Spells                             Type                      Level
   a - Swiftness                      Charms/Air                   2
   b - Passwall                       Transmutation/Earth          2
   c - Passage of Golubria            Translocation                4
   d - Lee's Rapid Deconstruction     Earth                        5
   e - Darkness                       Hexes                        6
   f - Invisibility                   Hexes                        6
Comestibles
 d - 11 bread rations
 n - 7 fruits
 p - 11 slices of pizza
 w - 7 beef jerkies
 B - 2 meat rations


   Skills:
 + Level 6.4 Fighting
 + Level 1.0 Throwing
 + Level 8.8 Dodging
 + Level 4.0 Stealth
 + Level 7.4 Shields
 + Level 8.1 Unarmed Combat
 * Level 2.1 Invocations
 + Level 0.7 Evocations


You had 8 spell levels left.
You knew the following spells:

 Your Spells              Type           Power        Failure   Level  Hunger
a - Repel Missiles        Chrm/Air       #.....       93%         2    ###....


Dungeon Overview and Level Annotations

Branches:
Dungeon (11/15)            Temple (1/1) D:6            Lair (0/6) D:10
    Orc (0/2) D:10

Altars:
Ashenzari
Cheibriados
Dithmenos
Elyvilon
Fedhas
Gozag
Hepliaklqana
Kikubaaqudgha
Makhleb
Nemelex Xobeh
Okawaru
Qazlal
Ru
Sif Muna
Trog
Uskayaw
Vehumet
Xom
Yredelemnul
Zin
The Shining One

Shops:
D:2 *   D:11 *


Innate Abilities, Weirdness & Mutations

You are too large for most types of armour.
You have claws for hands.
Your metabolism is lightning-fast.
You like to eat raw meat.
Your natural rate of healing is unusually fast.
You are covered in fur. (AC +1)
You have very tough skin. (AC +2)
You are somewhat resistant to further mutation.


Message History

The iron imp completely misses you. You block the quasit's attack.
The quasit closely misses you.
The quasit claws you but does no damage.
The gnoll sergeant hits you from afar with a trident of freezing!
* * * LOW HITPOINT WARNING * * *
The gnoll sergeant freezes you.
* * * LOW HITPOINT WARNING * * *
The sixfirhy barely misses you.
You feel better. The sixfirhy barely misses you. The sixfirhy hits you!
* * * LOW HITPOINT WARNING * * *
The sixfirhy shocks you!
* * * LOW HITPOINT WARNING * * *
You block the sixfirhy's attack. You block the ice devil's attack.
The kobold demonologist closely misses you.
You block the quasit's attack. The quasit closely misses you.
The quasit barely misses you. The big kobold hits you with a dagger.
* * * LOW HITPOINT WARNING * * *
The orange demon closely misses you. The iron imp barely misses you.
The crimson imp blinks!
The sixfirhy hits you!
You die...

#########
...4KK5K#########
######
...54K3@4gg......
......
...5K4K5#5######
######
5...ยง.55#.(..#
##########...#
#...# #...# #...#
.... ##...# ##...
###...## #...#


You could see 2 orange demons, 2 ice devils, 3 kobold demonologists, a sixfirhy,
3 big kobolds, a gnoll sergeant, 4 iron imps, 2 quasits, a gnoll, a crimson imp
and a shadow imp.

Vanquished Creatures
  3 hill giants
  Joseph (D:8)
  2 gargoyles (D:11)
  A komodo dragon (D:10)
  A kobold demonologist (D:11)
  2 trolls
  14 yaks
  A human (D:10)
  A wyvern (D:11)
  A basilisk (D:11)
  A hog (D:10)
  3 hippogriffs
  A soldier ant (D:8)
  A water moccasin (D:9)
  Duvessa (D:6)
  3 orc warriors
  A wasp (D:9)
  A black bear (D:10)
  A sky beast (D:10)
  2 phantoms
  4 ogres
  2 centaurs
  A big kobold (D:8)
  4 giant frogs
  3 scorpions
  Dowan (D:6)
  A water moccasin skeleton (D:10)
  5 wights (D:8)
  4 crimson imps
  A centaur zombie (D:8)
  3 howler monkeys
  2 giant frog zombies (D:10)
  A quasit (D:5)
  4 hounds
  A wasp zombie (D:6)
  2 jellies
  9 orc priests
  8 orc wizards
  2 centaur skeletons
  A giant frog skeleton (D:6)
  3 iguanas
  9 worker ants
  A hound zombie (D:6)
  A mummy (Ossuary)
  A worker ant zombie (D:5)
  7 adders
  3 shadow imps
  3 oozes
  2 adder skeletons (D:4)
  2 adder zombies
  3 worms
  2 dart slugs
  6 giant geckos
  29 orcs
  3 giant cockroaches
  10 goblins
  7 hobgoblins
  9 jackals
  2 quokkas
  2 ball pythons
  6 bats
  13 giant newts
  A goblin skeleton (D:6)
  4 hobgoblin zombies
  10 kobolds
  A kobold zombie (Ossuary)
  3 orc skeletons (D:6)
  3 orc zombies
  A quokka skeleton (D:7)
  6 rats
  2 plants (D:10)
256 creatures vanquished.

Vanquished Creatures (others)
  A plant (D:10)
1 creature vanquished.

Grand Total: 257 creatures vanquished

Notes
Turn   | Place    | Note
-------+----------+-------------------------------------------
     0 | D:1      | dvd the Troll Fighter began the quest for the Orb.
     0 | D:1      | Reached XP level 1. HP: 22/22 MP: 0/0
    96 | D:1      | Reached XP level 2. HP: 26/29 MP: 1/1
   360 | D:1      | Reached XP level 3. HP: 36/36 MP: 2/2
   680 | D:2      | Found Zin's Purification Station.
   683 | D:2      | Found a glowing silver altar of Zin.
   696 | D:2      | Found a blossoming altar of Fedhas.
  1021 | D:2      | Found a shadowy altar of Dithmenos.
  1029 | D:2      | Reached XP level 4. HP: 41/44 MP: 3/3
  1210 | D:2      | Found a shattered altar of Ashenzari.
  1277 | D:2      | Found a snail-covered altar of Cheibriados.
  2027 | D:3      | Found a hazy altar of Hepliaklqana.
  2204 | D:4      | Found an opulent altar of Gozag.
  2236 | D:4      | Found a sand-covered staircase.
  2259 | Ossuary  | Entered an ossuary
  2693 | D:4      | Reached XP level 5. HP: 42/53 MP: 4/4
  2762 | D:4      | Got a twitching silver ring
  2764 | D:4      | Identified the ring "Peryomin" {+Blink Str+6 Dex+3} (You found it on level 4 of the Dungeon)
  2789 | D:4      | Found an ancient bone altar of Kikubaaqudgha.
  2952 | D:4      | Reached skill level 1 in Stealth
  2973 | D:4      | Reached XP level 6. HP: 61/61 MP: 5/5
  3124 | D:5      | Entered Level 5 of the Dungeon
  3287 | D:5      | Identified a +0 rod of clouds (13/13) (You found it on level 5 of the Dungeon)
  3499 | D:5      | Reached XP level 7. HP: 64/67 MP: 6/6
  3532 | D:4      | HP: 2/67 [orc wizard/dagger (5)]
  3949 | D:6      | Found a glowing golden altar of the Shining One.
  3965 | D:6      | Reached skill level 5 in Dodging
  4051 | D:6      | Reached XP level 8. HP: 72/78 MP: 7/7
  4199 | D:6      | Found a staircase to the Ecumenical Temple.
  4208 | Temple   | Entered the Ecumenical Temple
  4577 | D:6      | Noticed Duvessa
  4577 | D:6      | Noticed Dowan
  4585 | D:6      | Killed Dowan
  4598 | D:6      | Killed Duvessa
  5194 | D:7      | Reached skill level 5 in Unarmed Combat
  5274 | D:7      | Found a sparkling altar of Nemelex Xobeh.
  5349 | D:7      | Reached XP level 9. HP: 86/87 MP: 6/8
  5410 | D:7      | Reached skill level 5 in Shields
  5647 | D:7      | You fall through a shaft for 3 floors!
  5647 | D:10     | Entered Level 10 of the Dungeon
  5666 | D:10     | Reached skill level 5 in Fighting
  5845 | D:8      | Noticed Joseph
  5928 | D:8      | Killed Joseph
  6529 | D:8      | Reached XP level 10. HP: 80/96 MP: 6/9
  7173 | D:9      | Identified 2 scrolls of acquirement
  7174 | D:9      | Got an ichor-stained shield
  7185 | D:9      | Identified the +5 shield of Makhleb's Delight {MR+} (You acquired it on level 9 of the Dungeon)
  7401 | D:9      | Found a hide-covered altar of Uskayaw.
  7422 | D:9      | Became a worshipper of Uskayaw the Reveler
  7432 | D:9      | Found a burning altar of Makhleb.
  7432 | D:9      | Noticed a cacodemon
  7462 | D:9      | Reached * piety under Uskayaw
  7569 | D:9      | Reached ** piety under Uskayaw
  7612 | D:9      | Learned a level 2 spell: Repel Missiles
  7615 | D:9      | Learned a level 2 spell: Blink
  7806 | D:10     | Found a staircase to the Lair.
  7892 | D:10     | Got a warped trident
  7905 | D:10     | Noticed a hill giant
  8056 | D:10     | Killed a hill giant
  8056 | D:10     | Reached *** piety under Uskayaw
  8058 | D:10     | Reached **** piety under Uskayaw
  8293 | D:10     | Found a staircase to the Orcish Mines.
  8651 | D:10     | Gained mutation: You are somewhat resistant to further mutation. [potion of beneficial mutation]
  8741 | D:11     | Reached XP level 11. HP: 89/105 MP: 8/10
  8742 | D:11     | Reached ***** piety under Uskayaw
  8814 | D:11     | Found Geuv Bad's Pet Rocks.
  8819 | D:11     | Noticed a hill giant
  8843 | D:11     | Reached skill level 1 in Invocations
  8859 | D:11     | Killed a hill giant
  8880 | D:11     | Bought 4 large rocks for 39 gold pieces
  8880 | D:11     | Bought 3 large rocks for 29 gold pieces
  8880 | D:11     | Bought 6 large rocks for 58 gold pieces
  9108 | D:11     | Noticed a hill giant
  9112 | D:11     | Killed a hill giant
  9112 | D:11     | Reached skill level 1 in Throwing
  9140 | D:11     | Noticed a sixfirhy
  9152 | D:11     | Slain by a sixfirhy

Vault maps used:
D:1:      minmay_arrival_hallway, minmay_lizard_king
D:2:      fedhas_altar_3, nicolae_overflow_crystal_walls, zin_purify,
          overflow_temple_1_default, nicolae_dithmenos_through_a_glass_darkly
D:3:      lemuel_coloured_pillars_altar
D:4:      nicolae_gozag_cash_rules_everything_around_me, lemuel_doored_altar,
          chequers_ossuary_entry_cave
D:5:      first_bread, minmay_misc_feat_four_crosses
D:6:      nicolae_tso_besieged_by_evil, uniq_duvessa
D:7:      old_standard_altar
D:8:      uniq_joseph
D:9:      kennysheep_little_box, makhleb_altar_promises_db, minivault_27
D:10:     david_lair_shrubbed, grunt_livestock
D:11:     minmay_wavy_crystal, special_room, guppyfry_shop_earth
Temple:   grunt_temple_mini_profane
Ossuary:  ossuary_tomb_3

Skill      XL: |  1  2  3  4  5  6  7  8  9 10 11 |
---------------+----------------------------------+-----
Shields        | 3 4 5 7 |  7.4
Dodging        | 3 4 5 6 7 8 |  8.8
Fighting       | 3 4 5 6 |  6.4
Stealth        | 1 2 3 4 |  4.0
Unarmed Combat | 3 4 5 6 7 8 |  8.1
Invocations    | 2 |  2.1
Throwing       | 1 |  1.0
Evocations     | |  0.7

Action                   |  1- 3 |  4- 6 |  7- 9 | 10-12 || total
-------------------------+-------+-------+-------+-------++-------
Melee: Unarmed           |   126 |   163 |   284 |   277 ||   850
Throw: Javelin           |       |       |       |     6 ||     6
       Large rock        |       |       |       |     5 ||     5
Invok: Stomp             |       |       |       |     1 ||     1
       Line Pass         |       |       |       |     1 ||     1
Evoke: Rod               |       |     2 |     1 |       ||     3
  Use: Potion            |       |       |     4 |    13 ||    17
       Scroll            |       |       |       |    15 ||    15
 Stab: Sleeping          |     1 |     5 |    10 |     5 ||    21
       Paralysed         |       |       |       |     6 ||     6
  Eat: Chunk             |    15 |    23 |    29 |    26 ||    93
Armor: Robe              |    33 |    56 |    31 |    24 ||   144
Dodge: Dodged            |    44 |    58 |    93 |    93 ||   288
Block: Shield            |    63 |    85 |   142 |   178 ||   468
